 Dungeon Crawl Stone Soup version 0.26-a0-665-gefeb406119 (webtiles) character file.

Game seed: 5152426523056655609

3 Ijustatesigmund the Magician (level 1, -1/9 HPs)
             Began as a Spriggan Wanderer on Oct 15, 2020.
             Slain by a goblin
             ... wielding a +0 club
              (3 damage)
             ... on level 1 of the Dungeon.
             The game lasted 00:01:08 (369 turns).

Ijustatesigmund the Magician (Spriggan Wanderer)     Turns: 369, Time: 00:01:09

Health: -1/9       AC:  2    Str:  9    XL:     1   Next: 41%
Magic:  7/7        EV: 16    Int: 12    God:
Gold:   47         SH:  0    Dex: 15    Spells: 9/10 levels left

rFire    . . .     SeeInvis +   a - +0 dagger
rCold    . . .     Faith    .   (shield restricted)
rNeg     . . .     Spirit   .   d - +0 robe
rPois    .         Reflect  .   (helmet restricted)
rElec    .         Harm     .   (no cloak)
rCorr    +         Rampage  .   (gloves unavailable)
MR       .....                  (boots unavailable)
Stlth    ++........             (no amulet)
HPRegen  0.03/turn              b - ring of resist corrosion
MPRegen  0.10/turn              (no ring)

@: very quick
A: very small, unfitting armour, see invisible, speed 3
a: no special abilities


You were on level 1 of the Dungeon.
You visited 1 branch of the dungeon, and saw 1 of its levels.

You collected 47 gold pieces.

Inventory:

Hand Weapons
 a - a +0 dagger (weapon)
Armour
 d - a +0 robe (worn)
Jewellery
 b - a ring of resist corrosion (left hand)
Scrolls
 e - a scroll of remove curse {unknown}
 f - a scroll of fog {unknown}
 g - a scroll of teleportation {unknown}
Potions
 c - a potion of lignification


   Skills:
 + Level 0.2 Fighting
 + Level 0.3 Short Blades
 + Level 0.6 Dodging
 - Level 1.5 Stealth
 - Level 5.3 Spellcasting
   Level 1.7 Necromancy
   Level 1.5 Translocations
   Level 1.3 Transmutations
   Level 1.3 Evocations


You had 9 spell levels left.
You knew the following spells:

 Your Spells              Type           Power        Failure   Level
a - Magic Dart            Conj           #...         21%         1

Your spell library contained the following spells:

 Spells                   Type           Power        Failure   Level
 Pain                     Necr           #...         10%         1
 Blink                    Tloc           N/A          16%         2
 Vampiric Draining        Necr           #.........   28%         3
 Call Imp                 Summ           #.......     30%         2
 Slow                     Hex            #.......     30%         2
 Conjure Flame            Conj/Fire      #.......     52%         3
 Mephitic Cloud           Conj/Pois/Air  #.......     52%         3


Dungeon Overview and Level Annotations

Branches:
Dungeon (1/15)

Altars:


Innate Abilities, Weirdness & Mutations

You are very small and have problems with some larger weapons.
You are too small for most types of armour.
You have supernaturally acute eyesight. (SInv)
You cover ground extremely quickly.


Message History

You kill the bat!
You hit the giant cockroach.
The giant cockroach is moderately wounded.
The giant cockroach bites you but does no damage.
The giant cockroach completely misses you.
You hit the giant cockroach but do no damage.
The giant cockroach is moderately wounded.
The giant cockroach closely misses you.
You hit the giant cockroach.
The giant cockroach is severely wounded.
The giant cockroach misses you. The goblin barely misses you.
You closely miss the giant cockroach.
The giant cockroach is severely wounded.
The giant cockroach bites you but does no damage.
You barely miss the giant cockroach.
The giant cockroach is severely wounded.
The goblin closely misses you. The giant cockroach bites you.
* * * LOW HITPOINT WARNING * * *
The goblin hits you with a +0 club.
You die...

#..# #.#..# .# ##.#..# #..
#.....# .# #.#.#.# #### #.
#.#.# ...## #..# #.#†#
....###..# #.#B#
.....##..# #.g@#
......#..## ##..#
......##..## #.>#
......#.#..## ##.#
.........#..# #.#
......#.#..#####'#########
......##...# #...........#
......#....###...........#
.....##................[.#


You could see a giant cockroach and a goblin.

Vanquished Creatures
  2 hobgoblins (D:1)
  A bat (D:1)
3 creatures vanquished.

Notes
Turn   | Place    | Note
-------+----------+-------------------------------------------
     0 | D:1      | Ijustatesigmund the Spriggan Wanderer began the quest for
                  | the Orb.
     0 | D:1      | Ijustatesigmund set off with the following items: a +0
                  | dagger, a potion of lignification, a +0 robe; and the
                  | following spells available to memorise: Pain, Blink, Magic
                  | Dart, Vampiric Draining, Call Imp, Slow, Conjure Flame,
                  | Mephitic Cloud
     0 | D:1      | Reached XP level 1. HP: 9/9 MP: 7/7
   329 | D:1      | Learned a level 1 spell: Magic Dart
   369 | D:1      | Slain by a goblin

Illustrated notes

Levels and vault maps discovered:
D:1:      psy_arrival_dodecagon, layout_basic

Action                   || total
-------------------------++-------
Melee: Dagger            ||    24
Armor: Robe              ||     6
Dodge: Dodged            ||    25

Table legend: (Time is in decaauts)
 A = Elapsed time spent in this place.
 B = Non-inter-level travel time spent in this place.
 C = Inter-level travel time spent in this place.
 D = Time resting spent in this place.
 E = Time spent auto-exploring this place.
 F = Levels seen in this place.
 G = Mean time per level.
                   A        B        C        D        E       F      G
               +--------+--------+--------+--------+--------+-----+--------+
         Total |    326 |    326 |      0 |    226 |     60 |   1 |  326.0 |
       Dungeon |    326 |    326 |      0 |    226 |     60 |   1 |  326.0 |
               +--------+--------+--------+--------+--------+-----+--------+

Top non-repeatable levels by time:
     D:1: 326 daAuts
